 Dungeon Crawl Stone Soup version 0.23.2-1-ga50397a (webtiles) character file.

Game seed: 4866294987020242808

29 Iscandelvey the Vexing (level 3, 26/26 HPs)
             Began as a Demonspawn Arcane Marksman on Apr 17, 2019.
             Quit the game on level 1 of the Dungeon.
             The game lasted 00:00:29 (419 turns).

Iscandelvey the Vexing (Demonspawn Arcane Marksman)  Turns: 419, Time: 00:00:30

Health: 26/26      AC:  2    Str: 10    XL:     3   Next: 1%
Magic:  4/4        EV: 12    Int: 15    God:
Gold:   56         SH:  4    Dex: 13    Spells: 3/4 levels left

rFire    . . .     SeeInvis .   a - +0 hand crossbow
rCold    . . .     Gourm    .   (no shield)
rNeg     . . .     Faith    .   e - +0 robe
rPois    .         Spirit   .   (no helmet)
rElec    .         Reflect  .   (no cloak)
rCorr    .         Harm     .   (no gloves)
MR       .....                  (no boots)
Stlth    +.........             (no amulet)
HPRegen  0.08/turn              (no ring)
MPRegen  0.09/turn              (no ring)

@: no status effects
A: claws 1, large bone plates 1
a: no special abilities


You were on level 1 of the Dungeon.
You were not hungry.

You visited 1 branch of the dungeon, and saw 1 of its levels.

You collected 56 gold pieces.

Inventory:

Hand Weapons
 a - a +0 hand crossbow (weapon)
Missiles
 d - 14 bolts (quivered)
Armour
 e - a +0 robe (worn)
Potions
 b - a potion of curing {unknown}
 c - a potion of heal wounds {unknown}
 g - a potion of haste {unknown}
Comestibles
 f - 2 rations


   Skills:
 + Level 1.1 Fighting
 + Level 2.2 Crossbows
 + Level 2.1 Dodging
 + Level 0.6 Stealth
 + Level 1.0 Spellcasting
 + Level 3.4 Hexes


You had 3 spell levels left.
You knew the following spells:

 Your Spells              Type           Power        Failure   Level  Hunger
a - Corona                Hex            ##.....      6%          1    ##.....

Your spell library contained the following spells:

 Spells                   Type           Power        Failure   Level  Hunger
 Slow                     Hex            ##......     9%          2    ###....
 Inner Flame              Hex/Fire       #.......     36%         3    ####...
 Portal Projectile        Hex/Tloc       #.....       36%         3    ####...
 Cause Fear               Hex            ##........   52%         4    #####..
 Leda's Liquefaction      Hex/Erth       #.........   77%         4    #####..


Dungeon Overview and Level Annotations

Branches:
Dungeon (1/15)

Altars:


Innate Abilities, Weirdness & Mutations

You have sharp fingernails.
You are partially covered in large bone plates. (SH +4)


Message History

You kill the rat!
d - 9 bolts (gained 2)
d - 11 bolts (gained 2)
You see here a +0 club.
d - 12 bolts (gained 1)
g - a yellow potion No target in view!
d - 15 bolts (gained 3)
A bat comes into view.
Firing (i - inventory)
d - 15 bolts (quivered)
Press: ? - help, Shift-Dir - straight line, f - bat
Aim: a bat (resting)
You shoot a bolt. The bolt hits the bat!
You kill the bat!
You have reached level 3!
Your experience leads to an increase in your attributes!
Increase (S)trength, (I)ntelligence, or (D)exterity?
You feel clever.
Your demonic ancestry asserts itself...
Your fingernails lengthen.
Are you sure you want to abandon this character and quit the game? (Confirm with "yes".)

## ### ##..##.########
..............######
#..)..........#
#.######.####.# .# #
##.# #.####(##
.###..#..# #.@..$..#
...#..#.###############
...#..................#
......##############.##
...##.. #.# ...##.# #.
#.# ...# .# #.# #.#
...##.# #.# #.#
......#######.# #.#


There were no monsters in sight!

Vanquished Creatures
  A dart slug (D:1)
  A leopard gecko (D:1)
  7 bats (D:1)
  6 goblins (D:1)
  A hobgoblin (D:1)
  5 kobolds (D:1)
  4 rats (D:1)
25 creatures vanquished.

Notes
Turn   | Place    | Note
-------+----------+-------------------------------------------
     0 | D:1      | Iscandelvey the Demonspawn Arcane Marksman began the quest
                  | for the Orb.
     0 | D:1      | Reached XP level 1. HP: 15/15 MP: 2/2
    87 | D:1      | Gained mutation: You are partially covered in large bone
                  | plates. (SH +4) [demonic ancestry]
    87 | D:1      | Reached XP level 2. HP: 21/21 MP: 3/3
   418 | D:1      | Gained mutation: You have sharp fingernails. [demonic
                  | ancestry]
   418 | D:1      | Reached XP level 3. HP: 26/26 MP: 4/4
   419 | D:1      | Quit the game

Skill      XL: |  1  2 |
---------------+-------+-----
Dodging        | 2 |  2.1
Crossbows      | 2 |  2.2
Fighting       | |  1.1
Stealth        | |  0.6
Spellcasting   | |  1.0
Hexes          | |  3.4

Action                   || total
-------------------------++-------
 Fire: Hand crossbow     ||    50
Armor: Robe              ||     1
Dodge: Dodged            ||    10
Block: Other             ||     3
